 Dungeon Crawl Stone Soup version 0.29.0-10-g45618ea6d2 (webtiles) character file.

Game seed: 12266603651666449757

46 gelatine the Trooper (level 3, -3/30 HPs)
             Began as a Demonspawn Abyssal Knight on Sept 1, 2022.
             Was a Priest of Lugonu.
             Slain by a gnoll
             ... wielding a +0 halberd
              (13 damage)
             ... on level 2 of the Dungeon.
             The game lasted 00:02:50 (1328 turns).

gelatine the Trooper (Demonspawn Abyssal Knight)    Turns: 1328, Time: 00:02:51

Health: -3/30      AC:  3    Str: 15    XL:     3   Next: 46%
Magic:  5/5        EV: 11    Int: 11    God:    Lugonu [***...]
Gold:   54         SH:  0    Dex: 13    Spells: 2/2 levels left

rFire   . . .      SeeInvis .   a - +1 hand axe
rCold   . . .      Faith    .   (no shield)
rNeg    . . .      Spirit   .   b - +0 leather armour
rPois   .          Reflect  .   (no helmet)
rElec   .          Harm     .   (no cloak)
rCorr   .          Rampage  .   (no gloves)
Will    .....                   (no boots)
Stlth   +.........              (no amulet)
HPRegen 0.10/turn               i - ring of wizardry
MPRegen 0.09/turn               (no ring)

@: no status effects
A: demonic touch 1
a: Renounce Religion, Depart the Abyss, Bend Space, Banish


You were on level 2 of the Dungeon.
You worshipped Lugonu.
Lugonu was most pleased with you.
You visited 1 branch of the dungeon, and saw 2 of its levels.
You visited the Abyss 1 time.

You collected 54 gold pieces.

Inventory:

Hand Weapons
 a - a +1 hand axe (weapon)
Armour
 b - a +0 leather armour (worn)
Jewellery
 i - a ring of wizardry (left hand)
Scrolls
 e - a scroll of enchant armour {unknown}
 g - a scroll of identify {unknown}
Potions
 c - 2 potions of heal wounds {unknown}
 d - a potion of degeneration {unknown}
 f - a potion of curing {unknown}
 h - 2 potions of magic {unknown}
 j - a potion of mutation {unknown}


   Skills:
 * Level 3.7 Fighting
 + Level 2.5 Axes
 * Level 2.0 Armour
 + Level 1.0 Dodging
 * Level 2.8 Invocations


You had 2 spell levels left.
You didn't know any spells.
Your spell library was empty.

Dungeon Overview and Level Annotations

Branches:
Dungeon (2/15)

Altars:


Innate Abilities, Weirdness & Mutations

Your touch may inflict minor irresistible damage on your foes.


Message History

You closely miss the jackal.
You touch the jackal.
You kill the jackal!
Lugonu accepts your kill.
Unknown command.
There is an escape hatch in the floor here.
You see here a jackal corpse.
You slide downwards.
The hatch slams shut behind you.
Magic restored.
HP restored. 2 gnolls come into view.
The gnoll shouts!
You hear a shout!
An adder comes into view.
The gnoll throws a throwing net.
The throwing net closely misses you. The gnoll barely misses you.
The adder hisses angrily.
The gnoll hits you with a +0 spear. The gnoll hits you with a +0 halberd.
You hit the gnoll.
The gnoll is moderately wounded.
You hit the gnoll.
A gnoll comes into view. It is wielding a +0 flail.
The gnoll hits you with a +0 halberd. The gnoll barely misses you.
You closely miss the gnoll.
The gnoll is moderately wounded.
You hit the gnoll. The gnoll closely misses you. The gnoll barely misses you.
You hit the gnoll.
You touch the gnoll.
You kill the gnoll!
Lugonu accepts your kill.
You hit the gnoll. The gnoll hits you with a +0 halberd!
The adder closely misses you.
Your Armour skill increases to level 2!
Your Dodging skill increases to level 1!
You closely miss the adder.
You touch the adder!
The adder is almost dead.
You hit the gnoll. The gnoll closely misses you.
The adder bites you but does no damage.
You hit the adder.
You kill the adder!
Lugonu accepts your kill.
You can now banish your foes.
You barely miss the gnoll. The gnoll hits you with a +0 halberd!
You die...

#######
#.....#
#.###.#
#.#...#
#(#####.###
#..@)......
####g######
g# ##


You could see 2 gnolls.

Vanquished Creatures
  An adder (D:2)
  A gnoll (D:2)
  A dart slug (D:1)
  An endoplasm (D:1)
  3 giant cockroaches (D:1)
  2 goblins (D:1)
  4 hobgoblins (D:1)
  5 jackals (D:1)
  2 kobolds (D:1)
  A quokka (D:1)
  4 ball pythons (D:1)
  3 bats (D:1)
  2 frilled lizards (D:1)
  3 rats (D:1)
33 creatures vanquished.

Notes
Turn   | Place    | Note
-------+----------+-------------------------------------------
     0 | Abyss:1  | gelatine the Demonspawn Abyssal Knight began the quest for
                  | the Orb.
     0 | Abyss:1  | Reached XP level 1. HP: 18/18 MP: 2/2
     1 | D:1      | Escaped the Abyss
   465 | D:1      | Gained mutation: Your touch may inflict minor irresistible
                  | damage on your foes. [demonic ancestry]
   465 | D:1      | Reached XP level 2. HP: 23/24 MP: 3/3
   759 | D:1      | Reached XP level 3. HP: 22/29 MP: 5/5
  1327 | D:2      | Reached skill level 1 in Dodging
  1328 | D:2      | Reached *** piety under Lugonu
  1328 | D:2      | Slain by a gnoll

Illustrated notes

Levels and vault maps discovered:
D:1:      dpeg_arrival_brainrot, layout_loops_ring
D:2:      mumra_celtic_spiral_tile, layout_rooms,
          shapermc_ecumenical_altar_flowoftime, minmay_snake_closets

Skill      XL: |  1  2  3 |
---------------+----------+-----
Axes           | 2 |  2.5
Armour         | 2 |  2.0
Dodging        | 1 |  1.0
Fighting       | |  3.7
Invocations    | |  2.8

Action                   || total
-------------------------++-------
Melee: Hand axe          ||    78
       Punch             ||     1
       Touch             ||     9
Invok: Bend Space        ||     2
Armor: Leather armour    ||    23
Dodge: Dodged            ||    56
